 Dungeon Crawl Stone Soup version 0.30-a0-1018-g25214051b3 (webtiles) character file.

Game seed: 6021019043064743841

136 BlueFish the Insei (level 5, 0/49 HPs)
             Began as an Octopode Transmuter on Apr 7, 2023.
             Slain by Edmund
             ... wielding a +5 flail of holy wrath
              (6 damage)
             ... on level 4 of the Dungeon.
             The game lasted 00:06:39 (2678 turns).

BlueFish the Insei (Octopode Transmuter)            Turns: 2678, Time: 00:06:40

Health: 0/49       AC: 22    Str: 11    XL:     5   Next: 19%
Magic:  2/8        EV:  2    Int: 15    God:
Gold:   189        SH:  0    Dex: 13    Spells: 2/8 levels left

rFire   . . .      SeeInvis .      - Unarmed
rCold   . . .      Faith    .    (no shield)
rNeg    . . .      Spirit   .    (helmet currently unavailable)
rPois   +          Reflect  .    (no amulet)
rElec   .          Rampage  .    (no ring)
rCorr   .          NoTele   +    (no ring)
Will    .....                    (no ring)
Stlth   ++                       (no ring)
HPRegen 0.28/turn                (no ring)
MPRegen 0.11/turn                (no ring)
                                 (no ring)
                                 (no ring)

@: tree-form
A: stationary, stasis, torment immunity, boosted hp, almost no armour,
(amphibious), 8 rings, (camouflage 1), (gelatinous body 1), (nimble swimmer 1),
(tentacles)
a: no special abilities


You were on level 4 of the Dungeon.
You were a tree.
You visited 1 branch of the dungeon, and saw 4 of its levels.

You collected 189 gold pieces.

Inventory:

Missiles
 b - 40 stones (quivered)
 m - 5 boomerangs
 r - 3 poisoned darts
Jewellery
 c - a ring of fire
Scrolls
 d - a scroll of poison {unknown}
 f - 3 scrolls of teleportation
 g - a scroll of enchant weapon
 i - a scroll of brand weapon {unknown}
 n - 2 scrolls of vulnerability {unknown}
 p - a scroll of torment {unknown}
 q - a scroll of fear {unknown}
 s - a scroll of noise {unknown}
Potions
 e - 2 potions of flight
 h - a potion of curing
 j - a potion of haste
 k - 2 potions of brilliance
 l - a potion of resistance
 o - a potion of attraction


   Skills:
 + Level 1.5 Fighting
 + Level 1.2 Throwing
 + Level 2.4 Dodging
 * Level 3.0 Stealth
 + Level 3.3 Unarmed Combat
 + Level 2.3 Spellcasting
 + Level 2.5 Transmutations
 * Level 1.9 Poison Magic


You had 2 spell levels left.
You knew the following spells:

 Your Spells              Type           Power      Damage    Failure   Level
a - Beastly Appendage     Tmut           18%        N/A       8%          1
b - Wereblood             Tmut           9%         N/A       12%         2
c - Spider Form           Tmut/Pois      8%         N/A       26%         3

Your spell library contained the following spells:

 Spells                   Type           Power      Damage    Failure   Level
 Ozocubu's Armour         Ice            1%         N/A       54%         3
 Ice Form                 Ice/Tmut       5%         N/A       78%         4
 Ozocubu's Refrigeration  Ice            0%         4d7       100%        7


Dungeon Overview and Level Annotations

Branches:
Dungeon (4/15)
 Temple: D:4-7

Altars:

Shops:
D:3 :

Annotations:
D:4 Edmund


Innate Abilities, Weirdness & Mutations

You are a tree.
Your roots penetrate the ground, keeping you stationary.
You cannot be teleported.
You are immune to unholy pain and torment.
Your maximum health is greatly increased.
You cannot wear most types of armour.
((You are amphibious.))
You can wear up to eight rings at the same time.
((Your skin changes colour to match your surroundings (Stealth+).))
((Your rubbery body absorbs attacks. (AC +1, EV +1)))
((You are camouflaged when in or above water. (Stealth+)))
((You have tentacles for arms and can constrict up to eight enemies at once.))


Message History

Your transformation is almost over.
The goblin hits you with a +0 dagger.
You tentacle-slap the goblin.
You kill the goblin!
Casting: Beastly Appendage (safe; 8% risk of failure)
Confirm with . or Enter, or press ? or * to list all spells.
The spell is quite dangerous to miscast (26% risk of failure)!
Continue anyway?
You miscast Spider Form.
You are very lightly contaminated with residual magic.
Nothing appears to happen.
Casting: Spider Form (quite dangerous; 26% risk of failure)
Confirm with . or Enter, or press ? or * to list all spells.
The spell is quite dangerous to miscast (26% risk of failure)!
Continue anyway?
Your tentacle spike disappears.
You turn into a venomous arachnid creature.
You hit Edmund but do no damage.
Edmund hits you with a +5 flail of holy wrath!
You hit Edmund but do no damage.
Edmund is poisoned.
You hit Edmund.
Edmund is lightly wounded.
Edmund closely misses you.
You hit Edmund but do no damage.
Edmund is lightly wounded.
Edmund hits you with a +5 flail of holy wrath!
* * * LOW HITPOINT WARNING * * *
Really quaff the potion of lignification?
Your transformation has ended.
You turn into a tree.
Your roots penetrate the ground.
Edmund hits you but does no damage.
You hit Edmund.
Edmund is lightly wounded.
Edmund barely misses you.
You hit Edmund but do no damage.
Edmund is lightly wounded.
Edmund hits you but does no damage.
Your magical contamination has completely faded away.
You hit Edmund but do no damage.
Edmund is lightly wounded.
Edmund hits you with a +5 flail of holy wrath.
You die...

#.# #.# .##
#.# ..# #.#
#.# #.# #.#
#.# #.# #.#
#.# #@# #.#
#♣#
######.###.#
#..........# #
##.####.#####
#.#
###.##.......#
#.#
.........#####
#.# ##.##...#
#.# #.###.##
#.# #.# #.#
#.#


You could see Edmund (poisoned).

Vanquished Creatures
  Robin (D:4)
  3 adders
  2 worms (D:2)
  2 dart slugs (D:1)
  3 bats (D:2)
  10 endoplasms
  4 giant cockroaches
  12 goblins
  11 hobgoblins
  2 jackals (D:3)
  9 quokkas
  4 ball pythons
  4 frilled lizards
  5 kobolds
  5 rats
77 creatures vanquished.

Notes
Turn   | Place    | Note
-------+----------+-------------------------------------------
     0 | D:1      | BlueFish the Octopode Transmuter began the quest for the
                  | Orb.
     0 | D:1      | Reached XP level 1. HP: 13/13 MP: 3/3
   144 | D:1      | Reached skill level 1 in Stealth
   144 | D:1      | Reached XP level 2. HP: 18/18 MP: 5/5
   147 | D:1      | Learned a level 2 spell: Wereblood
   429 | D:1      | Reached XP level 3. HP: 22/23 MP: 6/6
   433 | D:1      | Learned a level 3 spell: Spider Form
   543 | D:1      | Found a faded altar of an unknown god.
  1037 | D:2      | Reached skill level 1 in Throwing
  1363 | D:2      | Reached XP level 4. HP: 28/28 MP: 7/7
  1384 | D:2      | Reached skill level 1 in Poison Magic
  2375 | D:3      | Found Vize's Book Shoppe.
  2542 | D:4      | Noticed Robin
  2554 | D:4      | Reached XP level 5. HP: 31/33 MP: 5/8
  2564 | D:4      | Killed Robin
  2655 | D:4      | Noticed Edmund
  2678 | D:4      | Slain by Edmund

Illustrated notes

Levels and vault maps discovered:
D:1:      erik_arrival_orb_chamber, layout_rooms,
          hellmonk_ecumenical_altar_defaced_shrine
D:2:      minmay_chambers_of_ones, layout_basic, kennysheep_cross_room
D:3:      layout_basic, serial_shops, shop
D:4:      layout_loops_ring, minmay_temple_entry_grid, minmay_ruined_shrine,
          uniq_ijyb, uniq_edmund, uniq_robin

Skill      XL: |  1  2  3  4  5 |
---------------+----------------+-----
Stealth        | 1 2 3 |  3.0
Throwing       | 1 |  1.2
Poison Magic   | 1 |  1.9
Fighting       | |  1.5
Dodging        | |  2.4
Unarmed Combat | |  3.3
Spellcasting   | |  2.3
Transmutations | |  2.5

Action                     |  1- 3 |  4- 6 || total
---------------------------+-------+-------++-------
  Melee: Unarmed           |    94 |    90 ||   184
         Constrict         |    27 |    19 ||    46
         Tentacles         |    13 |    12 ||    25
         Punch             |     1 |     1 ||     2
         Kick              |    10 |    12 ||    22
  Throw: Stone             |     1 |     1 ||     2
   Cast: Beastly Appendage |     9 |    10 ||    19
         Wereblood         |     1 |     2 ||     3
         Spider Form       |     1 |     1 ||     2
    Use: Scroll            |       |     9 ||     9
         Potion            |       |     1 ||     1
   Stab: Sleeping          |     5 |     5 ||    10
 Armour: Skin              |    10 |    10 ||    20
  Dodge: Dodged            |    56 |    42 ||    98

Table legend: (Time is in decaauts)
 A = Elapsed time spent in this place.
 B = Non-inter-level travel time spent in this place.
 C = Inter-level travel time spent in this place.
 D = Time resting spent in this place.
 E = Time spent auto-exploring this place.
 F = Levels seen in this place.
 G = Mean time per level.
                   A        B        C        D        E       F      G
               +--------+--------+--------+--------+--------+-----+--------+
         Total |   2666 |   2549 |    117 |    100 |   1862 |   4 |  666.5 |
       Dungeon |   2666 |   2549 |    117 |    100 |   1862 |   4 |  666.5 |
               +--------+--------+--------+--------+--------+-----+--------+

Top non-repeatable levels by time:
     D:2: 1290 daAuts
     D:1: 624 daAuts
     D:3: 599 daAuts
     D:4: 152 daAuts
